 Dungeon Crawl Stone Soup version 0.29.0-4-gdea44cf6ec (webtiles) character file.

Game seed: 9088724634302023651

208 qw the Chopper (level 5, -2/30 HPs)
             Began as a Tengu Warper on Aug 28, 2022.
             Slain by an iguana (10 damage)
             ... on level 4 of the Dungeon.
             The game lasted 00:00:20 (3655 turns).

qw the Chopper (Tengu Warper)                       Turns: 3655, Time: 00:00:21

Health: -2/30      AC: 11    Str: 12 (13) XL:     5   Next: 86%
Magic:  9/9        EV:  3    Int: 13 (14) God:
Gold:   185        SH:  3    Dex: 12 (13) Spells: 8/8 levels left

rFire   . . .      SeeInvis .   Y - +0 hand axe
rCold   . . .      Faith    .   g - +0 buckler
rNeg    . . .      Spirit   .   i - +1 plate armour
rPois   .          Reflect  .   (helmet restricted)
rElec   .          Harm     .   (no cloak)
rCorr   .          Rampage  .   (no gloves)
Will    .....                   (boots unavailable)
Stlth   ..........              (no amulet)
HPRegen 0.10/turn               (no ring)
MPRegen 0.11/turn               (no ring)

@: flying quickly and evasively, quick
A: beak, talons 3, nimble flight
a: no special abilities


You were on level 4 of the Dungeon.
You visited 1 branch of the dungeon, and saw 4 of its levels.

You collected 185 gold pieces.


Innate Abilities, Weirdness & Mutations

You have a beak for a mouth.
You have claws for feet.
Your magical nature lets you fly swiftly and evasively.


   Skills:
 - Level 2.0 Fighting
 - Level 6.0 Axes
 - Level 1.0 Throwing
 + Level 2.0 Armour
 - Level 2.1 Dodging
 - Level 1.1 Shields
 - Level 2.0 Spellcasting
 - Level 2.4 Translocations


You had 8 spell levels left.
You didn't know any spells.
Your spell library contained the following spells:

 Spells                   Type           Power      Damage    Failure   Level
 Blink                    Tloc           14%        N/A       100%        2
 Gell's Gravitas          Tloc           7%         N/A       100%        3
 Lesser Beckoning         Tloc           7%         N/A       100%        3
 Teleport Other           Tloc           7%         N/A       100%        3
 Manifold Assault         Tloc           7%         N/A       100%        5

Inventory:

Hand Weapons
 m - a +0 morningstar
 Y - a +0 hand axe (weapon)
Missiles
 a - a javelin (quivered)
Armour
 g - a +0 buckler (worn)
 i - a +1 plate armour (worn)
Jewellery
 b - an amulet of reflection
Scrolls
 f - a scroll of amnesia {unknown}
 j - a scroll of teleportation
Potions
 c - a potion of heal wounds {unknown}
 d - a potion of attraction {unknown}
 e - 2 potions of curing
 h - a potion of lignification {unknown}
 l - a potion of flight {unknown}

Dungeon Overview and Level Annotations

Branches:
Dungeon (4/15)
 Temple: D:4-7

Altars:
Trog
Vehumet

Shops:
D:2 [


Message History

The dart slug is almost dead.
The dart slug launches a dart at you.
The slug dart hits you but does no damage.
You hit the dart slug.
The dart slug is almost dead.
You hit the dart slug.
You kill the dart slug!
Your Axes skill increases to level 6!
You start resting.
HP restored.
An iguana comes into view.
The iguana hisses angrily.
Throw: 4 javelins
Press: ? - help, Q - select action Shift-Dir - straight line, f - iguana You throw a javelin.
The javelin pierces through the iguana.
The iguana is lightly wounded.
Throw: 3 javelins
Press: ? - help, Q - select action Shift-Dir - straight line, f/p - iguana You throw a javelin.
The javelin completely misses the iguana.
Throw: 2 javelins
Press: ? - help, Q - select action Shift-Dir - straight line, f/p - iguana You throw a javelin.
The javelin barely misses the iguana.
You hit the iguana but do no damage. You claw the iguana.
You peck the iguana, but do no damage.
The iguana is moderately wounded.
The iguana bites you!
You barely miss the iguana.
The iguana is moderately wounded.
The iguana bites you!
You closely miss the iguana.
The iguana is moderately wounded.
The iguana bites you.
You closely miss the iguana.
The iguana is moderately wounded.
You block the iguana's attack.
You hit the iguana. You claw the iguana.
The iguana is almost dead.
The iguana barely misses you. The iguana bites you!
You die...

#( .. ## ..# #.# .(+
#.## #.# #...##..#
#...l.### #%@....# .
##..#..... #..# #.#
##+# ##.#
.#####..### ##.##
#....##....#
###...##............
#......#...# ...#.
#.#####....# #.# # #
##..## ##.# #


You could see an iguana.

Vanquished Creatures
  A hound (D:4)
  Terence (D:2)
  An orc wizard (D:4)
  Robin (D:2)
  A gnoll (D:1)
  2 adders
  A shadow imp (D:4)
  2 worms (D:2)
  4 dart slugs
  6 ball pythons
  7 endoplasms
  2 giant cockroaches (D:2)
  9 goblins
  8 hobgoblins
  6 jackals
  4 bats (D:3)
  A frilled lizard (D:1)
  7 kobolds
  5 rats
69 creatures vanquished.

Notes
Turn   | Place    | Note
-------+----------+-------------------------------------------
     0 | D:1      | qw the Tengu Warper began the quest for the Orb.
     0 | D:1      | Reached XP level 1. HP: 12/12 MP: 4/4
     0 | D:1      | 0 ||| qw: Version: 0.1-a-89-g26bdef1
     0 | D:1      | 0 ||| qw: Game counter: 1444
     0 | D:1      | 0 ||| qw: Always use a shield: true
     0 | D:1      | 0 ||| qw: God list: Okawaru
     0 | D:1      | 0 ||| qw: Allow faded altars: false
     0 | D:1      | 0 ||| qw: Do Orc after D:15 true
     0 | D:1      | 0 ||| qw: Do second Lair branch before Depths: true
     0 | D:1      | 0 ||| qw: Lair rune preference: random
     0 | D:1      | 0 ||| qw: Plans: Normal
     0 | D:1      | 0 ||| PLANNING D:1-11
    51 | D:1      | 51 ||| Stepping ~*~*~tactically~*~*~ (stealth).
    96 | D:1      | 96 ||| Stepping ~*~*~tactically~*~*~ (stealth).
    97 | D:1      | 97 ||| Stepping ~*~*~tactically~*~*~ (stealth).
   105 | D:1      | HP: 3/12 [jackal (3)]
   399 | D:1      | 399 ||| Stepping ~*~*~tactically~*~*~ (hiding).
   501 | D:1      | 501 ||| Stepping ~*~*~tactically~*~*~ (stealth).
   504 | D:1      | 504 ||| Stepping ~*~*~tactically~*~*~ (stealth).
   506 | D:1      | Reached skill level 3 in Axes
   506 | D:1      | Reached XP level 2. HP: 13/17 MP: 6/6
   629 | D:1      | 629 ||| Stepping ~*~*~tactically~*~*~ (stealth).
   642 | D:1      | Reached XP level 3. HP: 6/21 MP: 7/7
   906 | D:1      | 906 ||| Stepping ~*~*~tactically~*~*~ (stealth).
   908 | D:1      | 908 ||| Stepping ~*~*~tactically~*~*~ (stealth).
   912 | D:1      | 912 ||| Stepping ~*~*~tactically~*~*~ (stealth).
   924 | D:1      | Reached skill level 4 in Axes
  1158 | D:1      | 1158 ||| UPGRADING to +0 plate armour.
  1168 | D:1      | 1168 ||| DROPPING +0 leather armour.
  1169 | D:1      | 1169 ||| READING scroll labelled GOLOS MOEKLI.
  1174 | D:1      | 1174 ||| READING scroll labelled UNUIRO GISAWU.
  1175 | D:1      | 1175 ||| READING scroll labelled TACLUJ VA TERGH.
  1276 | D:1      | 1276 ||| READING scroll labelled ETAZIQ ULAITA.
  1277 | D:1      | 1277 ||| DRINKING 2 blue potions.
  1278 | D:1      | 1278 ||| DROPPING scroll of blinking.
  1309 | D:2      | 1309 ||| STAIRDANCE
  1548 | D:2      | Found Lemp's Antique Armour Emporium.
  1551 | D:2      | 1551 ||| SHOPLISTING shiny plate armour (442 gold, have
                  | 38).
  1671 | D:2      | 1671 ||| FLEEEEING.
  1672 | D:2      | 1672 ||| FLEEEEING.
  1759 | D:2      | 1759 ||| Stepping ~*~*~tactically~*~*~ (stealth).
  1760 | D:2      | 1760 ||| Stepping ~*~*~tactically~*~*~ (stealth).
  1762 | D:2      | 1762 ||| Stepping ~*~*~tactically~*~*~ (stealth).
  1763 | D:2      | 1763 ||| Stepping ~*~*~tactically~*~*~ (stealth).
  1795 | D:2      | 1795 ||| Stepping ~*~*~tactically~*~*~ (stealth).
  1801 | D:2      | Noticed Robin
  1805 | D:2      | Reached XP level 4. HP: 26/26 MP: 8/8
  1815 | D:2      | Killed Robin
  1961 | D:2      | 1961 ||| Stepping ~*~*~tactically~*~*~ (hiding).
  2049 | D:2      | Noticed Terence
  2062 | D:2      | Killed Terence
  2063 | D:2      | Reached skill level 5 in Axes
  2260 | D:2      | 2260 ||| DROPPING +0 whip.
  2454 | D:2      | 2454 ||| UPGRADING to +0 buckler.
  2459 | D:2      | 2459 ||| READING 2 scrolls labelled WOGEQ WUNUONUICK.
  2460 | D:2      | 2460 ||| READING scroll of enchant armour.
  2460 | D:2      | 2460 ||| ENCHANTING +0 plate armour.
  2461 | D:2      | 2461 ||| DRINKING 2 metallic clear potions.
  2462 | D:2      | 2462 ||| DROPPING potion of degeneration.
  2613 | D:3      | Reached skill level 1 in Shields
  2613 | D:3      | Gained mutation: Your magical nature lets you fly swiftly
                  | and evasively. [Tengu growth]
  2613 | D:3      | Reached XP level 5. HP: 30/30 MP: 9/9
  2701 | D:3      | Found a bloodstained altar of Trog.
  2915 | D:3      | Found a radiant altar of Vehumet.
  2916 | D:3      | 2916 ||| DROPPING ring of magical power.
  2917 | D:3      | 2917 ||| READING scroll labelled FIXZIO DEMO.
  2918 | D:3      | 2918 ||| DRINKING 2 murky silvery potions.
  3019 | D:3      | 3019 ||| DROPPING potion of ambrosia.
  3128 | D:4      | 3128 ||| Stepping ~*~*~tactically~*~*~ (stealth).
  3130 | D:4      | 3130 ||| Stepping ~*~*~tactically~*~*~ (stealth).
  3144 | D:4      | HP: 7/30 [hound (3)]
  3145 | D:4      | 3145 ||| READING 2 scrolls of teleportation.
  3640 | D:4      | Reached skill level 6 in Axes
  3655 | D:4      | Slain by an iguana

Levels and vault maps discovered:
D:1:      lemuel_arrival_behind_the_door_small, layout_rooms,
          grunt_decor_one_mirror, hangedman_feature_mirror
D:2:      layout_basic, serial_shops, shop, st_stairs_10,
          amcnicky_mini_pool_small, uniq_terence, uniq_robin
D:3:      layout_rooms, mainiacjoe_overflow_big_doors
D:4:      minmay_angry_zag, layout_layer_cave, nrook_uturn,
          nicolae_hexahallways, minmay_cupped

Skill      XL: |  1  2  3  4  5 |
---------------+----------------+-----
Axes           | 3 4 5 6 |  6.0
Armour         | 2 |  2.0
Shields        | 1 |  1.1
Fighting       | |  2.0
Throwing       | |  1.0
Dodging        | |  2.1
Spellcasting   | |  2.0
Translocations | |  2.4

Action                   |  1- 3 |  4- 6 || total
-------------------------+-------+-------++-------
Melee: Hand axe          |    89 |    88 ||   177
       Kick              |    26 |    28 ||    54
       Peck              |    12 |    15 ||    27
       Punch             |     2 |       ||     2
Throw: Boomerang         |     7 |       ||     7
       Javelin           |     3 |    21 ||    24
  Use: Scroll            |     4 |     4 ||     8
       Potion            |     1 |     2 ||     3
Armor: Leather armour    |     7 |       ||     7
       Plate armour      |    21 |    71 ||    92
Dodge: Dodged            |    29 |    19 ||    48
Block: Buckler           |       |    12 ||    12

Table legend:
 A = Non-vault XP
 B = Vault XP
 C = Vault XP percentage of total XP
 D = Non-vault monster count
 E = Vault monster count
 F = Vault count percentage of total count
                 A         B        C        D         E       F
            +---------+---------+-------+---------+---------+-------
      Total |     145 |     153 |  51.3 |      52 |      17 |  24.6
            +---------+---------+-------+---------+---------+-------
        D:1 |      47 |       3 |   6.0 |      19 |       2 |   9.5
        D:2 |      29 |      72 |  71.3 |      11 |      13 |  54.2
        D:3 |      33 |       0 |   0.0 |      15 |       0 |   0.0
        D:4 |      36 |      78 |  68.4 |       7 |       2 |  22.2
            +---------+---------+-------+---------+---------+-------
